 Dungeon Crawl Stone Soup version 0.24-a0-285-g3c078ff (webtiles) character file.

Game seed: 12289506617804788687

4095 galech the Cleaver (level 10, -22/76 HPs)
             Began as a Demonspawn Fighter on May 7, 2019.
             Was a Follower of Okawaru.
             Annihilated by an orc knight
             ... wielding a +1 bardiche
             ... summoned by an orc knight
              (43 damage)
             ... in a bailey.
             The game lasted 00:14:58 (8242 turns).

galech the Cleaver (Demonspawn Fighter)             Turns: 8242, Time: 00:14:59

Health: -22/76     AC: 20    Str: 16    XL:     10   Next: 5%
Magic:  0/10       EV:  4    Int:  9    God:    Okawaru [*.....]
Gold:   485        SH: 10    Dex: 17    Spells: 9/9 levels left

rFire    . . .     SeeInvis .   E - +2 war axe (elec)
rCold    + . .     Gourm    .   c - +0 shield
rNeg     . . .     Faith    .   H - +0 plate armour
rPois    +         Spirit   +   d - +0 helmet
rElec    .         Reflect  .   r - +0 cloak {MR+}
rCorr    +         Harm     .   o - +0 pair of gloves
MR       +....                  (no boots)
Stlth    ..........             (no amulet)
HPRegen  0.22/turn              m - ring of protection from cold
MPRegen  0.12/turn              n - ring of resist corrosion

@: berserk cooldown, slowed, very slow
A: claws 1, slimy green scales 3, powered by death 1, magic shield
a: Heroism, Renounce Religion


You were in a bailey.
You worshipped Okawaru.
Okawaru was aware of your devotion.
You were not hungry.

You visited 2 branches of the dungeon, and saw 10 of its levels.
You also visited: Sewer and Bailey.

You collected 485 gold pieces.

Inventory:

Hand Weapons
 a - a +0 war axe
 E - a +2 war axe of electrocution (weapon)
Armour
 c - a +0 shield (worn)
 d - a +0 helmet (worn)
 e - a +0 chain mail
 o - a +0 pair of gloves (worn)
 r - a +0 cloak of magic resistance (worn)
 H - a +0 plate armour (worn)
Jewellery
 m - a ring of protection from cold (left hand)
 n - a ring of resist corrosion (right hand)
Wands
 q - a wand of flame (21)
 x - a wand of digging (1)
Scrolls
 h - 3 scrolls of blinking
 i - 4 scrolls of remove curse
 p - a scroll of immolation
 s - a scroll of fog
 u - 3 scrolls of teleportation
 y - 2 scrolls of fear
 B - 2 scrolls of enchant armour
 C - a scroll of random uselessness
 G - a scroll of noise
 I - 2 scrolls of enchant weapon
Potions
 b - 2 potions of cancellation
 g - 3 potions of lignification
 j - a potion of mutation {unknown}
 k - 4 potions of ambrosia
 l - 2 potions of brilliance
 t - a potion of flight
 v - 5 potions of magic {unknown}
 w - 6 potions of curing {unknown}
 A - 3 potions of heal wounds
 F - a potion of invisibility {unknown}
Comestibles
 f - 15 rations
 z - 6 chunks of flesh


   Skills:
 + Level 6.1 Fighting
 + Level 9.4 Axes
 + Level 6.0 Armour
 + Level 2.2 Dodging
 + Level 1.1 Stealth
 + Level 6.2 Shields
 + Level 0.5 Evocations


You had 9 spell levels left.
You didn't know any spells.
Your spell library contained the following spells:

 Spells                   Type           Power        Failure   Level  Hunger
 Animate Skeleton         Necr           N/A          100%        1    ##.....
 Flame Tongue             Conj/Fire      #....        100%        1    ##.....
 Freeze                   Ice            #...         100%        1    ##.....
 Pain                     Necr           #...         100%        1    ##.....
 Throw Flame              Conj/Fire      #.....       100%        2    ###....
 Throw Frost              Conj/Ice       #.....       100%        2    ###....
 Conjure Flame            Conj/Fire      #.......     100%        3    ####...
 Inner Flame              Hex/Fire       #.......     100%        3    ####...
 Ozocubu's Armour         Chrm/Ice       #.......     100%        3    ####...
 Regeneration             Chrm/Necr      #.........   100%        3    ####...
 Vampiric Draining        Necr           #.........   100%        3    ####...
 Animate Dead             Necr           N/A          100%        4    #####..
 Sticky Flame             Conj/Fire      #.......     100%        4    #####..
 Summon Ice Beast         Ice/Summ       #.......     100%        4    #####..
 Throw Icicle             Conj/Ice       #.......     100%        4    #####..
 Fireball                 Conj/Fire      #.........   100%        5    ######.


Dungeon Overview and Level Annotations

Branches:
Dungeon (9/15)             Temple (1/1) D:6             Orc (0/2) D:9
   Lair: D:8-11

Altars:
Ashenzari
Cheibriados
Gozag
Kikubaaqudgha
Okawaru
Qazlal
Uskayaw
Vehumet
Yredelemnul

Shops:
D:4 :   D:9 *[


Innate Abilities, Weirdness & Mutations

You have sharp fingernails.
You are completely covered in slimy green scales. (AC +4, rPois)
You regenerate a little health from kills.
When hurt, damage is shared between your health and your magic reserves.


Message History

You block the gnoll's attack. The gnoll hits you but does no damage.
The gnoll barely misses you. The gnoll hits you but does no damage.
You block the gnoll's attack. You block the orc knight's attack.
The gnoll barely misses you.
Unknown command.
The orc no longer looks unusually strong.
The gnoll dissolves into shadows!
The orc knight roars a battlecry!
The orcs go into a battle-frenzy!
You block the gnoll's attack.
The orc knight no longer looks unusually strong.
The orc knight roars a battlecry!
The orc knight goes into a battle-frenzy!
The gnoll hits you but does no damage. The gnoll hits you with a +0 club.
* * * LOW HITPOINT WARNING * * *
There is a gate leading back out of this place, spattered with blood here.
You block the gnoll's attack.
The orc knight hits you from afar with a +1 bardiche!!!
Ouch! That really hurt!
You die...

############ #
##.∩........## ##
#............######.
#......)).)..#oo..#.
#∩...)))))).))og))oo
#....go).))))#).o.#.
#...gggooo..)######.
##.@gog.oo..## ##
############ #


You could see 2 orc knights, 2 orc warriors, an orc wizard, 6 gnolls and 2 orcs.

Vanquished Creatures
  A troll (D:9)
  Grinder (D:4)
  A hippogriff (D:7)
  Sigmund (D:2)
  Duvessa (D:6)
  An ice beast (D:8)
  11 orc warriors
  A phantom (D:2)
  3 ogres
  A wolf (D:8)
  2 centaurs
  A bullfrog (D:7)
  Dowan (D:6)
  4 vampire bats (D:5)
  2 howler monkeys
  2 crimson imps
  2 bullfrog zombies
  A hound (D:5)
  A centaur zombie (D:8)
  A centaur skeleton (D:6)
  An orc priest (D:3)
  4 jellies
  7 orc wizards
  Crazy Yiuf (D:2)
  Jessica (D:2)
  Natasha (thrice) (D:3)
  5 worker ants
  A centaur simulacrum (D:8)
  A killer bee simulacrum (D:8)
  Robin (D:4)
  10 adders
  3 river rats (Sewer)
  A shadow imp (D:7)
  4 worms
  2 dart slugs (D:2)
  8 leopard geckos
  48 orcs
  5 ball pythons
  6 giant cockroaches
  18 goblins
  12 hobgoblins
  5 jackals (D:4)
  6 quokkas
  9 bats
  8 frilled lizards
  A jackal zombie (D:5)
  7 kobolds
  A leopard gecko skeleton (D:4)
  A quokka skeleton (D:6)
  16 rats
235 creatures vanquished.

Notes
Turn   | Place    | Note
-------+----------+-------------------------------------------
     0 | D:1      | galech the Demonspawn Fighter began the quest for the Orb.
     0 | D:1      | Reached XP level 1. HP: 18/18 MP: 1/1
   206 | D:1      | Reached skill level 2 in Axes
   208 | D:1      | Gained mutation: You are partially covered in slimy green
                  | scales. (AC +2) [demonic ancestry]
   208 | D:1      | Reached XP level 2. HP: 22/24 MP: 2/2
   556 | D:1      | Gained mutation: When hurt, damage is shared between your
                  | health and your magic reserves. [demonic ancestry]
   556 | D:1      | Reached XP level 3. HP: 29/29 MP: 3/3
  1050 | D:2      | You fall through a shaft for 2 floors!
  1050 | D:4      | Noticed Grinder
  1057 | D:4      | Noticed Robin
  1058 | D:4      | Killed Grinder
  1058 | D:4      | Reached skill level 4 in Axes
  1058 | D:4      | Gained mutation: You regenerate a little health from kills.
                  | [demonic ancestry]
  1058 | D:4      | Reached XP level 4. HP: 14/36 MP: 1/4
  1058 | D:4      | Reached XP level 5. HP: 16/41 MP: 1/5
  1070 | D:4      | Killed Robin
  1070 | D:4      | Gained mutation: You are mostly covered in slimy green
                  | scales. (AC +3) [demonic ancestry]
  1070 | D:4      | Reached XP level 6. HP: 26/48 MP: 2/6
  1205 | D:4      | Found an opulent altar of Gozag.
  1643 | D:2      | Noticed Sigmund
  1667 | D:2      | Killed Sigmund
  1667 | D:2      | Reached skill level 5 in Axes
  1667 | D:2      | Gained mutation: You are completely covered in slimy green
                  | scales. (AC +4, rPois) [demonic ancestry]
  1667 | D:2      | Reached XP level 7. HP: 29/54 MP: 4/7
  1885 | D:2      | Found a runed translucent door.
  1886 | D:2      | Noticed Crazy Yiuf
  1903 | D:2      | Noticed Jessica
  1912 | D:2      | Killed Jessica
  2250 | D:2      | Killed Crazy Yiuf
  2461 | D:3      | Noticed Natasha
  2470 | D:3      | Killed Natasha
  2470 | D:3      | Reached skill level 1 in Dodging
  2760 | D:3      | Noticed Natasha
  2770 | D:3      | Killed Natasha
  2875 | D:3      | Noticed Natasha
  2884 | D:3      | Killed Natasha
  2931 | D:4      | Found Naohomah's Book Boutique.
  3290 | D:4      | Reached skill level 6 in Axes
  3337 | D:4      | Found a radiant altar of Vehumet.
  3594 | D:5      | Entered Level 5 of the Dungeon
  3627 | D:5      | Reached XP level 8. HP: 31/61 MP: 4/8
  3717 | D:5      | Found a glowing drain.
  3721 | Sewer    | Entered a sewer
  4358 | D:5      | Reached skill level 7 in Axes
  4388 | D:5      | Reached skill level 5 in Shields
  4610 | D:5      | Found a hide-covered altar of Uskayaw.
  5024 | D:6      | Noticed Dowan
  5025 | D:6      | Noticed Duvessa
  5036 | D:6      | Killed Dowan
  5036 | D:6      | Reached skill level 5 in Fighting
  5043 | D:6      | Killed Duvessa
  5744 | D:6      | Reached skill level 8 in Axes
  5744 | D:6      | Reached XP level 9. HP: 57/68 MP: 6/9
  6142 | D:6      | Found a staircase to the Ecumenical Temple.
  6163 | Temple   | Entered the Ecumenical Temple
  6187 | Temple   | Became a worshipper of Warmaster Okawaru
  6697 | D:7      | Found a snail-covered altar of Cheibriados.
  7334 | D:8      | Reached skill level 5 in Armour
  7334 | D:8      | Reached skill level 1 in Stealth
  7361 | D:8      | Noticed a troll
  7373 | D:9      | Killed a troll
  7373 | D:9      | Reached * piety under Okawaru
  7462 | D:9      | Found Visesot's General Store.
  7499 | D:9      | Found a flagged portal.
  7500 | D:9      | Found Qigeigri's Armour Shop.
  7510 | Bailey   | Entered a bailey
  7525 | Bailey   | Reached skill level 9 in Axes
  7988 | Bailey   | Noticed an orc knight
  8085 | Bailey   | Gained mutation: You have sharp fingernails. [demonic
                  | ancestry]
  8085 | Bailey   | Reached XP level 10. HP: 76/76 MP: 10/10
  8217 | Bailey   | Noticed an orc knight
  8229 | Bailey   | HP: 2/114 [orc knight/+1 bardiche[an orc knight] (20)]
  8242 | Bailey   | Annihilated by an orc knight

Levels and vault maps discovered:
D:1:      elethiomel_arrival_diamonds, layout_basic
D:2:      layout_rooms, uniq_sigmund, uniq_jessica, uniq_crazy_yiuf_cottage
D:3:      layout_rooms, first_ration, uniq_natasha
D:4:      layout_gridville, nicolae_gozag_cash_rules_everything_around_me,
          serial_shops, nicolae_shop_waterfront, minmay_ruined_shrine,
          uniq_robin, uniq_grinder
D:5:      layout_cave_pods, gup_sewer_entry_bowl, basic_altar, roderic_batcave
D:6:      layout_basic, minmay_temple_entry_hall, uniq_duvessa
D:7:      layout_loops_ring, basic_altar
D:8:      layout_basic, serial_ice, serial_ice_l, serial_ice_a, serial_ice_f,
          serial_ice_b, serial_ice_c, serial_ice_h, serial_ice_g,
          lemuel_tele_altar
D:9:      layout_loops_cross, erik_orc_1, enter_bailey_2, serial_shops, shop,
          shop, grunt_pizzeria, minmay_unpleasant_kobolds
Temple:   minmay_crystal_snake_temple
Bailey:   bailey_polearm_5, bailey

Skill      XL: |  1  2  3  4  5  6  7  8  9 10 |
---------------+-------------------------------+-----
Axes           | 2 4 5 6 8 9 |  9.4
Shields        | 3 4 5 6 |  6.2
Armour         | 3 4 5 6 |  6.0
Fighting       | 4 5 6 |  6.1
Dodging        | 1 2 |  2.2
Stealth        | 1 |  1.1
Evocations     | |  0.5

Action                   |  1- 3 |  4- 6 |  7- 9 | 10-12 || total
-------------------------+-------+-------+-------+-------++-------
Melee: War axe           |   116 |    87 |   559 |    18 ||   780
Invok: Heroism           |       |       |     1 |     1 ||     2
Evoke: Wand              |       |       |     4 |       ||     4
  Use: Potion            |     1 |     2 |     1 |     4 ||     8
       Scroll            |       |       |    19 |       ||    19
  Eat: Chunk             |     1 |     2 |    21 |     1 ||    25
Armor: Chain mail        |    78 |    44 |   368 |       ||   490
       Scale mail        |     4 |       |       |       ||     4
       Plate armour      |       |       |     1 |    22 ||    23
Dodge: Dodged            |    28 |    13 |   134 |    13 ||   188
Block: Shield            |    57 |    34 |   325 |    20 ||   436

Table legend:
 A = Non-vault XP
 B = Vault XP
 C = Vault XP percentage of total XP
 D = Non-vault monster count
 E = Vault monster count
 F = Vault count percentage of total count
                 A         B        C        D         E       F
            +---------+---------+-------+---------+---------+-------
      Total |    2948 |    2902 |  49.6 |     136 |      99 |  42.1
            +---------+---------+-------+---------+---------+-------
        D:1 |      44 |       9 |  17.0 |      24 |       7 |  22.6
        D:2 |     191 |     314 |  62.2 |      22 |       3 |  12.0
        D:3 |     235 |      35 |  13.0 |      18 |       1 |   5.3
        D:4 |     174 |     336 |  65.9 |      15 |      20 |  57.1
        D:5 |     625 |     238 |  27.6 |      16 |      12 |  42.9
        D:6 |     639 |     211 |  24.8 |      18 |       2 |  10.0
        D:7 |     626 |       0 |   0.0 |      13 |       0 |   0.0
        D:8 |      60 |     297 |  83.2 |       3 |       4 |  57.1
        D:9 |     354 |       0 |   0.0 |       7 |       0 |   0.0
      Sewer |       0 |      54 | 100.0 |       0 |      14 | 100.0
     Bailey |       0 |    1408 | 100.0 |       0 |      36 | 100.0
            +---------+---------+-------+---------+---------+-------
